| TOP OF THE 1ST |
|
Jacksonville Suns batting - Pitching for Knoxville Blue Jays : LHP Jimmy Key
|
|
Pitching: LHP Jimmy Key
|
|
|
Batting: RHB Lyle Brackenridge
|
0-0: Ball 1-0: Swinging Strike 1-1: Foul Ball, location: 2F 1-2: Foul Ball, location: 2F 1-2: Ball 2-2: Foul Ball, location: 2F 2-2: Foul Ball, location: 2F 2-2: SINGLE (Groundball, 5S, EV 67.5 MPH) (infield hit)
|
|
Batting: RHB Mark Nocciolo
|
0-0: Foul Ball, location: 2F 0-1: Fly out, F9 (Line Drive, 9D, EV 95.6 MPH)
|
|
Batting: LHB Andy Carlton
|
0-0: Ball 1-0: Ball 2-0: Ball 3-0: Called Strike 3-1: Foul Ball, location: 2F 3-2: Strikes out swinging
|
|
Batting: RHB Edward Packard
|
0-0: Ball 1-0: Called Strike 1-1: Ball 2-1: Ball 3-1: Swinging Strike 3-2: Foul Ball, location: 2F 3-2: Foul Ball, location: 2F 3-2: Ground out 6-3 (Groundball, 6, EV 85.6 MPH)
|
| Top of the 1st over - 0 runs, 1 hit, 0 errors, 1 left on base; Jacksonville 0 - Knoxville 0 |
| BOTTOM OF THE 1ST |
|
Knoxville Blue Jays batting - Pitching for Jacksonville Suns : RHP Frank Wills
|
|
Pitching: RHP Frank Wills
|
|
|
Batting: RHB LaRue Washington
|
0-0: Fly out, F7 (Flyball, 7LM, EV 79.4 MPH)
|
|
Batting: LHB Paul O'Neill
|
0-0: Called Strike 0-1: Swinging Strike 0-2: Foul Ball, location: 2F 0-2: Foul Ball, location: 2F 0-2: Ball 1-2: Fly out, F7 (Flyball, 78M, EV 88.8 MPH)
|
|
Batting: RHB Jason Adams
|
0-0: Called Strike 0-1: Called Strike 0-2: SINGLE (Flyball, 8LS, EV 94.4 MPH)
|
|
Batting: RHB Hector Cruz
|
0-0: Called Strike 0-1: Foul Ball, location: 2F 0-2: Ball 1-2: TRIPLE (Line Drive, 89XD, EV 100.0 MPH) Jason Adams scores
|
|
Batting: LHB Joe Bivins
|
0-0: Called Strike 0-1: Ball 1-1: Swinging Strike 1-2: Foul Ball, location: 2F 1-2: Ball 2-2: SINGLE (Line Drive, 7S, EV 105.0 MPH) Hector Cruz scores
|
|
Batting: RHB Eugene Pallavicini
|
0-0: Ball 1-0: Foul Ball, location: 2F 1-1: Fly out, F8 (Flyball, 8RD, EV 85.0 MPH)
|
| Bottom of the 1st over - 2 runs, 3 hits, 0 errors, 1 left on base; Jacksonville 0 - Knoxville 2 |
| TOP OF THE 2ND |
|
Jacksonville Suns batting - Pitching for Knoxville Blue Jays : LHP Jimmy Key
|
|
Batting: LHB Pete M O'Brien
|
0-0: Called Strike 0-1: Ball 1-1: Foul Ball, location: 2F 1-2: Ball 2-2: SINGLE (Groundball, 4D, EV 98.1 MPH)
|
|
Batting: LHB Dave Baker
|
0-0: Called Strike 0-1: Ball Wild Pitch! Pete M O'Brien to second 1-1: Ball 2-1: Ball 3-1: Ground out 6-3 (Groundball, 6, EV 85.0 MPH)
|
|
Batting: LHB Michael Kelly
|
0-0: Ball 1-0: Ball 2-0: Swinging Strike 2-1: Ball 3-1: Base on Balls
|
|
Batting: SHB Joe Morales
|
0-0: Called Strike 0-1: Ball 1-1: Ball 2-1: Called Strike 2-2: Foul Ball, location: 2F 2-2: Ball 3-2: Fly out, F4 (Line Drive, 4, EV 67.5 MPH)
|
|
Batting: LHB Donald Seeker
|
0-0: Ground out 1-3 (Groundball, 13S, EV 71.9 MPH)
|
| Top of the 2nd over - 0 runs, 1 hit, 0 errors, 2 left on base; Jacksonville 0 - Knoxville 2 |
| BOTTOM OF THE 2ND |
|
Knoxville Blue Jays batting - Pitching for Jacksonville Suns : RHP Frank Wills
|
|
Batting: LHB Danny Goodwin
|
0-0: Swinging Strike 0-1: Foul Ball, location: 2F 0-2: Ball 1-2: Strikes out looking
|
|
Batting: RHB Jerry Royster
|
0-0: Ground out 6-3 (Groundball, 56, EV 85.0 MPH)
|
|
Batting: RHB Pat Rockett
|
0-0: Called Strike 0-1: Called Strike 0-2: Foul Ball, location: 2F 0-2: Foul Ball, location: 2F 0-2: Ball 1-2: Foul Ball, location: 2F 1-2: Ball 2-2: Foul Ball, location: 2F 2-2: Fly out, F8 (Line Drive, 8RD, EV 88.8 MPH)
|
| Bottom of the 2nd over - 0 runs, 0 hits, 0 errors, 0 left on base; Jacksonville 0 - Knoxville 2 |
| TOP OF THE 3RD |
|
Jacksonville Suns batting - Pitching for Knoxville Blue Jays : LHP Jimmy Key
|
|
Batting: RHB Lyle Brackenridge
|
0-0: Ball 1-0: Swinging Strike 1-1: Foul Ball, location: 2F 1-2: Ball 2-2: Foul Ball, location: 2F 2-2: Ball 3-2: SINGLE (Line Drive, 4M, EV 98.1 MPH)
|
|
Batting: RHB Mark Nocciolo
|
0-0: Called Strike 0-1: Ball 1-1: Called Strike 1-2: Foul Ball, location: 2F 1-2: Strikes out swinging
|
|
Batting: LHB Andy Carlton
|
0-0: Ball 1-0: Called Strike 1-1: Foul Ball, location: 2F 1-2: Ball 2-2: Ball 3-2: Fly out, F9 (Flyball, 9D, EV 100.6 MPH)
|
|
Batting: RHB Edward Packard
|
0-0: Ball 1-0: Ball 2-0: Ball 3-0: Called Strike 3-1: Base on Balls Lyle Brackenridge to second
|
|
Batting: LHB Pete M O'Brien
|
0-0: Ground out 4-3 (Groundball, 4, EV 109.4 MPH)
|
| Top of the 3rd over - 0 runs, 1 hit, 0 errors, 2 left on base; Jacksonville 0 - Knoxville 2 |
| BOTTOM OF THE 3RD |
|
Knoxville Blue Jays batting - Pitching for Jacksonville Suns : RHP Frank Wills
|
|
Batting: RHB LaRue Washington
|
0-0: Ball 1-0: Foul Ball, location: 2F 1-1: Fly out, F8 (Flyball, 78S, EV 78.1 MPH)
|
|
Batting: LHB Paul O'Neill
|
0-0: Ball 1-0: Ground out U3 (Groundball, 34, EV 106.3 MPH)
|
|
Batting: RHB Jason Adams
|
0-0: Called Strike 0-1: SINGLE (Groundball, 6MD, EV 103.1 MPH)
|
|
Batting: RHB Hector Cruz
|
0-0: Foul Ball, location: 2F 0-1: Ball 1-1: Swinging Strike 1-2: Fly out, F7 (Flyball, 78XD, EV 94.4 MPH)
|
| Bottom of the 3rd over - 0 runs, 1 hit, 0 errors, 1 left on base; Jacksonville 0 - Knoxville 2 |
| TOP OF THE 4TH |
|
Jacksonville Suns batting - Pitching for Knoxville Blue Jays : LHP Jimmy Key
|
|
Batting: LHB Dave Baker
|
0-0: Ground out 6-3 (Groundball, 6S, EV 86.3 MPH)
|
|
Batting: LHB Michael Kelly
|
0-0: Swinging Strike 0-1: Ball 1-1: Ground out 6-3 (Groundball, 6, EV 105.0 MPH)
|
|
Batting: SHB Joe Morales
|
0-0: DOUBLE (Flyball, 8LXD, EV 98.8 MPH)
|
|
Batting: LHB Donald Seeker
|
0-0: Foul Ball, location: 2F 0-1: Ball 1-1: Ball 2-1: Ball 3-1: Foul Ball, location: 2F 3-2: Base on Balls
|
|
Batting: RHB Lyle Brackenridge
|
0-0: Called Strike 0-1: Ball 1-1: Ball 2-1: Foul Ball, location: 2F 2-2: Strikes out swinging
|
| Top of the 4th over - 0 runs, 1 hit, 0 errors, 2 left on base; Jacksonville 0 - Knoxville 2 |
| BOTTOM OF THE 4TH |
|
Knoxville Blue Jays batting - Pitching for Jacksonville Suns : RHP Frank Wills
|
|
Batting: LHB Joe Bivins
|
0-0: Ball 1-0: Called Strike 1-1: Ground out 6-3 (Groundball, 56, EV 90.0 MPH)
|
|
Batting: RHB Eugene Pallavicini
|
0-0: Fly out, F4 (Popup, 4M, EV 68.8 MPH)
|
|
Batting: LHB Danny Goodwin
|
0-0: Swinging Strike 0-1: Ball 1-1: Ball 2-1: Ball 3-1: Fly out, F9 (Flyball, 9, EV 86.9 MPH)
|
| Bottom of the 4th over - 0 runs, 0 hits, 0 errors, 0 left on base; Jacksonville 0 - Knoxville 2 |
| TOP OF THE 5TH |
|
Jacksonville Suns batting - Pitching for Knoxville Blue Jays : LHP Jimmy Key
|
|
Batting: RHB Mark Nocciolo
|
0-0: SINGLE (Line Drive, 6M, EV 105.0 MPH)
|
|
Batting: LHB Andy Carlton
|
0-0: Ball 1-0: Ball 2-0: Foul Ball, location: 2F 2-1: Fly out, F7 (Line Drive, 7, EV 99.4 MPH)
|
|
Batting: RHB Edward Packard
|
0-0: Ball 1-0: Ball 2-0: Called Strike 2-1: DOUBLE (Flyball, 8RXD, EV 110.0 MPH) Mark Nocciolo to third Runner from 3rd tries for Home, SAFE, throw by CF to trailing runner, SAFE at third!
|
|
Batting: LHB Pete M O'Brien
|
0-0: Ball 1-0: Called Strike 1-1: Ball 2-1: Foul Ball, location: 2F 2-2: Ball 3-2: Strikes out looking
|
|
Batting: LHB Dave Baker
|
0-0: Reached on error, E4 (Groundball, 4, EV 100.6 MPH) Edward Packard scores
|
|
Batting: LHB Michael Kelly
|
0-0: Swinging Strike 0-1: Fly out, F8 (Line Drive, 8LD, EV 85.6 MPH)
|
| Top of the 5th over - 2 runs, 2 hits, 1 error, 1 left on base; Jacksonville 2 - Knoxville 2 |
| BOTTOM OF THE 5TH |
|
Knoxville Blue Jays batting - Pitching for Jacksonville Suns : RHP Frank Wills
|
|
Batting: RHB Jerry Royster
|
0-0: TRIPLE (Flyball, 9D, EV 85.6 MPH)
|
|
Batting: RHB Pat Rockett
|
0-0: Called Strike 0-1: Ball 1-1: Ball Balk! Jerry Royster scores 2-1: Swinging Strike 2-2: Fly out, F3 (Line Drive, 3, EV 68.1 MPH)
|
|
Batting: RHB LaRue Washington
|
0-0: Called Strike 0-1: Ball 1-1: Ball 2-1: Ball 3-1: Base on Balls
|
|
Batting: LHB Paul O'Neill
|
0-0: Ball 1-0: Ball 2-0: Called Strike 2-1: Called Strike LaRue Washington steals 2nd base 2-2: Fly out, F8 (Line Drive, 8RD, EV 90.6 MPH)
|
|
Batting: RHB Jason Adams
|
0-0: Ball 1-0: SINGLE (Line Drive, 4M, EV 98.8 MPH) LaRue Washington to third Runner from 3rd tries for Home, SAFE, throw by CF to home
|
|
Batting: RHB Hector Cruz
|
0-0: Ball 1-0: DOUBLE (Line Drive, 9LS, EV 109.4 MPH) Jason Adams to third Runner from 3rd tries for Home, SAFE, no throw by RF
|
|
Batting: LHB Joe Bivins
|
0-0: Called Strike 0-1: Ball 1-1: Called Strike 1-2: Ball 2-2: Ball 3-2: Foul Ball, location: 2F 3-2: Base on Balls
|
|
Batting: RHB Eugene Pallavicini
|
0-0: Foul Ball, location: 2F 0-1: Swinging Strike 0-2: Foul Ball, location: 2F 0-2: Ball 1-2: Ground out 5-3 (Groundball, 56S, EV 85.0 MPH)
|
| Bottom of the 5th over - 3 runs, 3 hits, 0 errors, 2 left on base; Jacksonville 2 - Knoxville 5 |
| TOP OF THE 6TH |
|
Jacksonville Suns batting - Pitching for Knoxville Blue Jays : LHP Jimmy Key
|
|
Batting: SHB Joe Morales
|
0-0: Ground out 1-3 (Groundball, 15, EV 71.9 MPH)
|
|
Batting: LHB Donald Seeker
|
0-0: Called Strike 0-1: Ball 1-1: Swinging Strike 1-2: Ball 2-2: Foul Ball, location: 2F 2-2: Ball 3-2: Foul Ball, location: 2F 3-2: Foul Ball, location: 2F 3-2: Fly out, F9 (Line Drive, 9, EV 110.0 MPH)
|
|
Batting: RHB Lyle Brackenridge
|
0-0: Ball 1-0: Foul Ball, location: 2F 1-1: Ball 2-1: Foul Ball, location: 2F 2-2: SINGLE (Groundball, 25, EV 66.3 MPH) (infield hit)
|
|
Batting: RHB Mark Nocciolo
|
0-0: Ball 1-0: Called Strike 1-1: Swinging Strike 1-2: Ball 2-2: Strikes out looking
|
| Top of the 6th over - 0 runs, 1 hit, 0 errors, 1 left on base; Jacksonville 2 - Knoxville 5 |
| BOTTOM OF THE 6TH |
|
Knoxville Blue Jays batting - Pitching for Jacksonville Suns : RHP Frank Wills
|
|
Batting: LHB Danny Goodwin
|
0-0: Called Strike 0-1: Ball 1-1: Reached on error, E3 (Groundball, 34, EV 87.5 MPH)
|
|
Batting: RHB Jerry Royster
|
0-0: Intentional Walk
|
|
Batting: RHB Pat Rockett
|
0-0: Ball Wild Pitch! Danny Goodwin to third Jerry Royster to second 1-0: Called Strike 1-1: Fly out, F6 (Popup, 6MS, EV 54.4 MPH)
|
|
Batting: RHB LaRue Washington
|
0-0: Ball 1-0: Foul Ball, location: 2F 1-1: Ball 2-1: Ground out 6-3 (Groundball, 6, EV 100.6 MPH)
|
|
Batting: LHB Paul O'Neill
|
0-0: Ball 1-0: Ball 2-0: Ball 3-0: Called Strike 3-1: Base on Balls
|
|
Batting: RHB Jason Adams
|
0-0: DOUBLE (Line Drive, 78D, EV 103.1 MPH) Danny Goodwin scores Jerry Royster scores Paul O'Neill to third Runner from 3rd tries for Home, SAFE, no throw by CF
|
|
Pitching: RHP Jay Tibbs
|
|
|
Batting: RHB Hector Cruz
|
0-0: Swinging Strike 0-1: Swinging Strike 0-2: Strikes out swinging
|
| Bottom of the 6th over - 3 runs, 1 hit, 1 error, 1 left on base; Jacksonville 2 - Knoxville 8 |
| TOP OF THE 7TH |
|
Jacksonville Suns batting - Pitching for Knoxville Blue Jays : LHP Jimmy Key
|
|
Batting: LHB Andy Carlton
|
0-0: Called Strike 0-1: Called Strike 0-2: Ball 1-2: Strikes out swinging
|
|
Batting: RHB Edward Packard
|
0-0: Fly out, F7 (Line Drive, 7D, EV 83.1 MPH)
|
|
Batting: LHB Pete M O'Brien
|
0-0: Ground out 3-1 (Groundball, 34S, EV 85.0 MPH)
|
| Top of the 7th over - 0 runs, 0 hits, 0 errors, 0 left on base; Jacksonville 2 - Knoxville 8 |
| BOTTOM OF THE 7TH |
|
Knoxville Blue Jays batting - Pitching for Jacksonville Suns : RHP Jay Tibbs
|
|
Batting: LHB Joe Bivins
|
0-0: Ball 1-0: Fly out, F8 (Line Drive, 8RD, EV 93.8 MPH)
|
|
Batting: RHB Eugene Pallavicini
|
0-0: Foul Ball, location: 2F 0-1: Ball 1-1: Ball 2-1: SINGLE (Line Drive, 7S, EV 93.8 MPH)
|
|
Batting: LHB Danny Goodwin
|
0-0: Called Strike 0-1: Ball 1-1: Foul Ball, location: 2F 1-2: Ball 2-2: 2-RUN HOME RUN (Flyball, 9LD, EV 90.6 MPH), Distance : 360 ft
|
|
Batting: RHB Jerry Royster
|
0-0: Ball 1-0: Called Strike 1-1: Ball 2-1: Called Strike 2-2: Foul Ball, location: 2F 2-2: Foul Ball, location: 2F 2-2: Fly out, F3 (Popup, 3S, EV 71.3 MPH)
|
|
Batting: RHB Pat Rockett
|
0-0: Called Strike 0-1: Ball 1-1: Ball 2-1: Ball 3-1: Base on Balls
|
|
Batting: RHB LaRue Washington
|
0-0: Ball 1-0: Called Strike 1-1: Ball 2-1: Foul Ball, location: 2F 2-2: Foul Ball, location: 2F 2-2: SINGLE (Groundball, 56, EV 88.8 MPH) (infield hit) Pat Rockett to second
|
|
Batting: LHB Paul O'Neill
|
0-0: Foul Ball, location: 2F 0-1: Swinging Strike 0-2: SINGLE (Line Drive, 8LS, EV 96.9 MPH) Pat Rockett to third LaRue Washington to second Runner from 3rd tries for Home, SAFE, throw by CF to home
|
|
Batting: RHB Jason Adams
|
0-0: Called Strike 0-1: Ball 1-1: Ball 2-1: Called Strike 2-2: Ball 3-2: Strikes out swinging
|
| Bottom of the 7th over - 3 runs, 4 hits, 0 errors, 2 left on base; Jacksonville 2 - Knoxville 11 |
| TOP OF THE 8TH |
|
Jacksonville Suns batting - Pitching for Knoxville Blue Jays : LHP Jimmy Key
|
|
Batting: LHB Dave Baker
|
0-0: Called Strike 0-1: Ball 1-1: Ball 2-1: SOLO HOME RUN (Flyball, 9LD, EV 101.9 MPH), Distance : 368 ft
|
|
Pinch Hitting: LHB Stanley Younger
|
0-0: Ball 1-0: Ball 2-0: Ball 3-0: Base on Balls
|
|
Batting: SHB Joe Morales
|
0-0: SINGLE (Groundball, 6MD, EV 99.4 MPH) (infield hit) Stanley Younger to second
|
|
Batting: LHB Donald Seeker
|
0-0: Ball 1-0: Swinging Strike 1-1: Ground out U3 (Groundball, 34S, EV 73.1 MPH) Stanley Younger to third Joe Morales to second
|
|
Batting: RHB Lyle Brackenridge
|
0-0: Foul Ball, location: 2F 0-1: Swinging Strike 0-2: Ball 1-2: Ball 2-2: Foul Ball, location: 2F 2-2: Strikes out looking
|
|
Pitching: LHP Pete Filson
|
|
|
Batting: RHB Mark Nocciolo
|
0-0: Swinging Strike 0-1: Called Strike 0-2: Strikes out swinging
|
| Top of the 8th over - 1 run, 2 hits, 0 errors, 2 left on base; Jacksonville 3 - Knoxville 11 |
| BOTTOM OF THE 8TH |
|
Knoxville Blue Jays batting - Pitching for Jacksonville Suns : RHP Jay Tibbs
|
|
Now in CF: Stanley Younger
|
|
|
Pinch Hitting: RHB Rick Sweet
|
0-0: Called Strike 0-1: Foul Ball, location: 2F 0-2: Foul Ball, location: 2F 0-2: Ball 1-2: Ball 2-2: Ball 3-2: SINGLE (Groundball, 5L, EV 101.9 MPH)
|
|
Batting: LHB Joe Bivins
|
0-0: Ball Wild Pitch! Rick Sweet to second 1-0: TRIPLE (Line Drive, 9D, EV 98.1 MPH) Rick Sweet scores
|
|
Batting: RHB Eugene Pallavicini
|
0-0: Called Strike 0-1: Ball 1-1: Called Strike 1-2: Foul Ball, location: 2F 1-2: Strikes out swinging
|
|
Batting: LHB Danny Goodwin
|
0-0: Called Strike 0-1: Ball 1-1: Foul Ball, location: 2F 1-2: Ball 2-2: Strikes out swinging
|
|
Batting: RHB Jerry Royster
|
0-0: Ground out 6-3 (Groundball, 6, EV 107.5 MPH)
|
| Bottom of the 8th over - 1 run, 2 hits, 0 errors, 1 left on base; Jacksonville 3 - Knoxville 12 |
| TOP OF THE 9TH |
|
Jacksonville Suns batting - Pitching for Knoxville Blue Jays : LHP Pete Filson
|
|
Now at 3B: Rick Sweet
|
|
|
Pinch Hitting: LHB John Millholland
|
0-0: Ball 1-0: Foul Ball, location: 2F 1-1: Foul Ball, location: 2F 1-2: Foul Ball, location: 2F 1-2: Foul Ball, location: 2F 1-2: Strikes out swinging
|
|
Batting: RHB Edward Packard
|
0-0: Swinging Strike 0-1: Ball 1-1: Foul Ball, location: 2F 1-2: Strikes out swinging
|
|
Batting: LHB Pete M O'Brien
|
0-0: Called Strike 0-1: Called Strike 0-2: Fly out, F8 (Flyball, 8LM, EV 93.8 MPH)
|
| Top of the 9th over - 0 runs, 0 hits, 0 errors, 0 left on base; Jacksonville 3 - Knoxville 12 |
|